 Dungeon Crawl Stone Soup version 0.18.1-50-g88ac8fd (webtiles) character file.

78 Dfrag the Conjurer (level 4, 0/30 HPs)
             Began as a Demonspawn Conjurer on Feb 23, 2018.
             Slain by Crazy Yiuf
             ... wielding a +4 quarterstaff of chaos
              (12 damage)
             ... on level 2 of the Dungeon.
             The game lasted 00:02:34 (900 turns).

Dfrag the Conjurer (Demonspawn Conjurer)             Turns: 900, Time: 00:02:34

Health: 0/30       AC:  3    Str:  8    XL:     4   Next: 15%
Magic:  7/18       EV: 12    Int: 17    God:
Gold:   111        SH:  0    Dex: 18    Spells: 2 memorised, 6 levels left

rFire  . . .     SeeInvis .     (no weapon)
rCold  . . .     Gourm    .     a - +0 robe
rNeg   . . .     Faith    .     (no shield)
rPois  .         Spirit   .     q - +0 helmet (curse)
rElec  .         Dismiss  .     (no cloak)
rCorr  .         Reflect  .     (no gloves)
SustAt .         Harm     .     (no boots)
MR     .....                    (no amulet)
Stlth  ++........               r - +4 ring of dexterity
                                f - ring of magical power

@: not resistant to hostile enchantments, unstealthy
A: claws 1, sturdy frame 1
a: no special abilities


You were on level 2 of the Dungeon.
You were not hungry.

You visited 1 branch of the dungeon, and saw 2 of its levels.

You collected 111 gold pieces.

Inventory:

Armour
 a - a +0 robe (worn)
 q - a cursed +0 helmet (worn)
Jewellery
 f - a ring of magical power (left claw)
 r - a +4 ring of dexterity (right claw)
Wands
 t - a wand of slowing (27/48)
Scrolls
 d - a scroll of fog {unknown}
 e - a scroll of magic mapping {unknown}
 g - a scroll of blinking {unknown}
 h - 5 scrolls of identify {unknown}
 j - 2 scrolls of teleportation {unknown}
 l - a scroll of remove curse {unknown}
 s - a scroll of immolation {unknown}
 u - a scroll of noise {unknown}
Potions
 i - a potion of brilliance {unknown}
 m - a potion of lignification {unknown}
 p - a potion of might {unknown}
Books
 b - a book of Conjurations

   Spells                             Type                      Level
   a - Magic Dart                     Conjuration                  1
   b - Searing Ray                    Conjuration                  2
   c - Dazzling Spray                 Conjuration/Hexes            3
   d - Fulminant Prism                Conjuration/Hexes            4
   e - Iskenderun's Mystic Blast      Conjuration                  4
   f - Iskenderun's Battlesphere      Conjuration/Charms           5
Comestibles
 c - a bread ration
 k - a meat ration
 n - 2 beef jerkies
 o - 5 chunks of flesh


   Skills:
 - Level 1.7 Dodging
 - Level 1.7 Stealth
 + Level 3.3 Spellcasting
 + Level 4.8 Conjurations


You had 6 spell levels left.
You knew the following spells:

 Your Spells              Type           Power        Failure   Level  Hunger
a - Magic Dart            Conj           ###.         2%          1    None
b - Searing Ray           Conj           ###...       3%          2    ##.....


Dungeon Overview and Level Annotations

Branches:
Dungeon (2/15)

Altars:

Annotations:
D:2 Crazy Yiuf


Innate Abilities, Weirdness & Mutations

You have sharp fingernails.
Your movements are slightly less encumbered by armour (ER -2).


Message History

You see here a mace.
You see here a mace.
Found three maces.
You see here a mace.
Casting: Magic Dart
Confirm with . or Enter, or press ? or * to list all spells.
Aiming: Searing Ray
Press: ? - help, Shift-Dir - straight line, f - Crazy Yiuf
Aim: Crazy Yiuf, wielding a quarterstaff of chaos and wearing a cloak (resting)
The searing ray hits Crazy Yiuf.
Crazy Yiuf is moderately wounded.
Crazy Yiuf shouts!
The searing ray hits Crazy Yiuf.
Crazy Yiuf is heavily wounded.
Crazy Yiuf drinks a potion.
Crazy Yiuf flickers and vanishes!
Deactivating autopickup; reactivate with Ctrl-A.
Something hits you!
You see here a glowing mace.
You scratch something. Something hits you!
You die...

#.#.#...
#####.#....#
#......#...#
#####..#....
#.....##
♣♣♣♣♣##....## ####
♣♣♣)♣).......#
#)))#♣))♣)......###
#.))@)♣♣♣♣......#
#)))#♣♣ ♣♣.....#
#### ♣♣##..# ####


There were no monsters in sight!

Vanquished Creatures
  Robin (D:2)
  An adder (D:2)
  A worm (D:2)
  A dart slug (D:1)
  2 giant geckos
  2 giant cockroaches (D:1)
  15 goblins
  4 hobgoblins
  4 jackals (D:1)
  2 kobolds (D:1)
  A quokka (D:2)
  9 bats
  2 rats (D:1)
45 creatures vanquished.

Notes
Turn   | Place    | Note
--------------------------------------------------------------
     0 | D:1      | Dfrag the Demonspawn Conjurer began the quest for the Orb.
     0 | D:1      | Reached XP level 1. HP: 13/13 MP: 3/3
   105 | D:1      | Gained mutation: You have sharp fingernails. [demonic ancestry]
   105 | D:1      | Reached XP level 2. HP: 13/19 MP: 0/5
   111 | D:1      | Learned a level 2 spell: Searing Ray
   500 | D:1      | Reached XP level 3. HP: 24/24 MP: 7/7
   680 | D:2      | Noticed Robin
   694 | D:2      | Killed Robin
   851 | D:2      | Gained mutation: Your movements are slightly less encumbered by armour (ER -2). [demonic ancestry]
   851 | D:2      | Reached XP level 4. HP: 21/30 MP: 7/9
   893 | D:2      | Noticed Crazy Yiuf
   900 | D:2      | Slain by Crazy Yiuf

Skill      XL: |  1  2  3 |
---------------+----------+-----
Spellcasting   | 3 |  3.3
Dodging        | |  1.7
Stealth        | |  1.7
Conjurations   | |  4.8

Action                   |  1- 3 |  4- 6 || total
-------------------------+-------+-------++-------
Melee: Unarmed           |    24 |     1 ||    25
 Cast: Magic Dart        |    78 |     5 ||    83
       Searing Ray       |     3 |     1 ||     4
  Eat: Chunk             |       |     1 ||     1
Armor: Robe              |     7 |       ||     7
Dodge: Dodged            |    29 |       ||    29
